 Dungeon Crawl Stone Soup version 0.23-a0-644-gb60d84b635 (webtiles) character file.

111 Napalmbreeze the Caller (level 4, -6/30 HPs)
             Began as a Barachi Summoner on Jan 2, 2019.
             Mangled by an orc priest
             ... wielding a +0 morningstar
              (10 damage)
             ... on level 3 of the Dungeon.
             The game lasted 00:06:03 (2847 turns).

Napalmbreeze the Caller (Barachi Summoner)          Turns: 2847, Time: 00:06:04

Health: -6/30      AC:  2    Str: 10    XL:     4   Next: 92%
Magic:  6/8        EV: 12    Int: 15    God:
Gold:   131        SH:  0    Dex: 13    Spells: 3/9 levels left

rFire    + . .     SeeInvis .   m - +2 dagger (venom)
rCold    . . .     Gourm    .   (no shield)
rNeg     . . .     Faith    .   p - +0 robe {rF+}
rPois    .         Spirit   .   (no helmet)
rElec    .         Reflect  .   (no cloak)
rCorr    .         Harm     .   (no gloves)
MR       .....                  (no boots)
Stlth    ++........             (no amulet)
HPRegen  0.10/turn              (no ring)
MPRegen  0.11/turn              (no ring)

@: slow
A: +LOS, swims, slowness 1, strong legs 1
a: Hop


You were on level 3 of the Dungeon.
You were hungry.

You visited 1 branch of the dungeon, and saw 3 of its levels.

You collected 131 gold pieces.

Inventory:

Hand Weapons
 d - a +0 dagger
 g - a +0 spear
 m - a +2 dagger of venom (weapon)
Armour
 a - a +0 robe
 p - a +0 robe of fire resistance (worn)
Scrolls
 b - 6 scrolls of fog {unknown}
 e - a scroll of magic mapping {unknown}
 f - 2 scrolls of immolation {unknown}
 h - a scroll of enchant weapon {unknown}
 j - 2 scrolls of amnesia {unknown}
 l - 3 scrolls of remove curse {unknown}
Potions
 i - a potion of haste {unknown}
 k - a potion of lignification {unknown}
 o - 2 potions of cancellation {unknown}
 q - a potion of curing {unknown}
Comestibles
 c - 4 rations
 n - 3 chunks of flesh


   Skills:
 - Level 2.1 Dodging
 + Level 2.8 Stealth
 + Level 3.0 Spellcasting
 * Level 6.2 Summonings


You had 3 spell levels left.
You knew the following spells:

 Your Spells              Type           Power        Failure   Level  Hunger
a - Summon Small Mammal   Summ           ###.         1%          1    #......
d - Call Canine Familiar  Summ           ###.....     4%          3    ###....
s - Call Imp              Summ           ###.....     2%          2    ##.....

Your spell library contained the following spells:

 Spells                   Type           Power        Failure   Level  Hunger
 Summon Guardian Golem    Hex/Summ       ##......     17%         3    ###....
 Summon Ice Beast         Ice/Summ       ##......     50%         4    #####..
 Summon Lightning Spire   Summ/Air       ##......     50%         4    #####..


Dungeon Overview and Level Annotations

Branches:
Dungeon (3/15)

Altars:
Kikubaaqudgha
Makhleb


Innate Abilities, Weirdness & Mutations

Shadows flee at your approach. (+LOS)
You can swim through water.
You cover ground slowly.
You can hop short distances.


Message History

Evoke which item? (* to show all) (? for menu, Esc to quit)
Okay, then.
Unknown command.
Wield which item (- for none, * to show all)? (? for menu, Esc to quit)
Your +2 dagger of venom begins to drip with poison!
m - a +2 dagger of venom (weapon)
The orc priest closely misses you.
You hit the orc priest but do no damage.
The orc priest is severely wounded.
Unknown command.
You barely miss the orc priest.
The orc priest is severely wounded.
The orc priest misses you.
Unknown command.
You hit the orc priest but do no damage.
The orc priest is poisoned.
The orc priest is severely wounded.
The orc priest miscasts a cantrip.
The orc priest hits you with a +0 morningstar!
You die...

##..... ...#.#
###..#.## ## #
#.......# #... ##
#.#..#..### #...
..####.#.......# #...
...#.#.......######...
#)#o#รท##....##.......
#.)(@.......)...)....
#.###.####..##.......
... #.......######...
..### ######.### #...
## #......## #...
#.#.###.####... #....
#.......# #..#.
#.####### #..## ..##


You could see an orc priest.

Vanquished Creatures
  A gnoll (D:2)
  An adder (D:2)
  A shadow imp (D:2)
  A dart slug (D:1)
  A leopard gecko (D:2)
  A ball python (D:2)
  3 giant cockroaches (D:1)
  3 goblins
  2 hobgoblins
  A jackal (D:2)
  4 bats
  7 frilled lizards
  4 kobolds (D:1)
  3 rats (D:2)
33 creatures vanquished.

Vanquished Creatures (collateral kills)
  5 gnolls
  2 adders (D:2)
  A worm (D:2)
  A dart slug (D:2)
  3 orcs (D:3)
  5 bats
  2 goblins (D:1)
  2 jackals (D:2)
  6 kobolds
  A frilled lizard (D:2)
  4 rats
32 creatures vanquished.

Grand Total: 65 creatures vanquished

Notes
Turn   | Place    | Note
-------+----------+-------------------------------------------
     0 | D:1      | Napalmbreeze the Barachi Summoner began the quest for the
                  | Orb.
     0 | D:1      | Reached XP level 1. HP: 13/13 MP: 3/3
   347 | D:1      | Reached skill level 5 in Summonings
   515 | D:1      | Reached XP level 2. HP: 15/19 MP: 1/5
   817 | D:1      | Learned a level 2 spell: Call Imp
  1401 | D:2      | Reached XP level 3. HP: 14/24 MP: 2/6
  1897 | D:2      | Reached XP level 4. HP: 13/30 MP: 3/8
  2307 | D:2      | Learned a level 3 spell: Call Canine Familiar
  2348 | D:2      | Found a burning altar of Makhleb.
  2359 | D:2      | Reached skill level 6 in Summonings
  2653 | D:2      | Found an ancient bone altar of Kikubaaqudgha.
  2847 | D:3      | Mangled by an orc priest

Vault maps used:
D:1:      lightli_arrival_quake
D:2:      makhleb_grotto_becter, marbit_many_paths
D:3:      nicolae_overflow_hidden_temple, first_ration

Skill      XL: |  1  2  3  4 |
---------------+-------------+-----
Summonings     | 5 6 |  6.2
Stealth        | 2 |  2.8
Spellcasting   | 3 |  3.0
Dodging        | |  2.1

Action                   |  1- 3 |  4- 6 || total
-------------------------+-------+-------++-------
Melee: Spear             |    91 |    47 ||   138
       Dagger            |    10 |     3 ||    13
 Cast: Summon Small Mamm |    26 |     1 ||    27
       Call Imp          |     8 |     9 ||    17
       Call Canine Famil |       |     4 ||     4
 Stab: Distracted        |     1 |       ||     1
       Sleeping          |     3 |     2 ||     5
  Eat: Chunk             |     4 |     4 ||     8
Armor: Robe              |    27 |     4 ||    31
Dodge: Dodged            |    57 |    28 ||    85

Table legend:
 A = Non-vault XP
 B = Vault XP
 C = Vault XP percentage of total XP
 D = Non-vault monster count
 E = Vault monster count
 F = Vault count percentage of total count
                 A         B        C        D         E       F
            +---------+---------+-------+---------+---------+-------
      Total |     149 |      10 |   6.3 |      63 |       2 |   3.1
            +---------+---------+-------+---------+---------+-------
        D:1 |      31 |       0 |   0.0 |      23 |       0 |   0.0
        D:2 |      84 |      10 |  10.6 |      30 |       2 |   6.2
        D:3 |      34 |       0 |   0.0 |      10 |       0 |   0.0
            +---------+---------+-------+---------+---------+-------
